AoeStats
← EeeZee3

Northern Isles

511029284Analyzed
1v1 RM · 9h ago on Oct 3, 2026· 47m 7s· 2 players
Game mode
Random Map
Map size
Tiny (2 player)
Population
200
Speed
Normal
Resources
Standard
Victory
Conquest
Starting age
Dark Age
Ending age
Imperial Age
RankedLock teamsTeams togetherTeam positionsShared explorationLock speedFull tech treeHidden civsTurbo modeCheats
Victory
Defeat
🇨🇭 Saxons · Switzerland
601
+19
660
-19
EeeZee3
0:26 Loom
13:08 Feudal Age
14:04 Fishing Lines
14:15 Double-Bit Axe
15:45 Gold Mining
17:04 Town Watch
18:16 Fletching
20:07 Wheelbarrow
22:33 Castle Age
20:45 Horse Collar
22:37 Arson
22:57 Scale Mail Armor
23:08 Forging
27:46 Bow Saw
28:13 Heavy Plow
28:20 Squires
28:06 Gambesons
28:51 Chain Mail Armor
29:11 Iron Casting
28:32 Bodkin Arrow
28:41 Gillnets
29:31 Hand Cart
30:10 Ballistics
29:46 Murder Holes
30:02 Careening
36:20 Imperial Age
34:08 Medium Warships
34:39 Masonry
39:29 Gold Shaft Mining
38:46 Stone Mining
39:29 Conscription
38:31 Shield Wall
38:38 Elite Varangian Guard
40:26 Chemistry
39:47 Dry Dock
39:48 Shipwright
39:49 Elite Longship
40:54 Heavy Warships
41:50 Plate Mail Armor
41:21 Bracer
41:27 Scale Barding Armor
41:22 Padded Archer Armor
42:05 Hoardings
Toruk Makto El Pandita Gamer c:
0:42 Loom
13:43 Feudal Age
16:33 Wheelbarrow
15:46 Double-Bit Axe
17:31 Town Watch
20:58 Castle Age
19:20 Scale Barding Armor
19:26 Forging
19:17 Gold Mining
24:18 Chain Barding Armor
25:11 Iron Casting
27:30 Husbandry
29:57 Stone Mining
33:50 Hand Cart
34:36 Town Patrol
38:33 Imperial Age
36:31 Bow Saw
37:04 Gold Shaft Mining
40:49 Chemistry
39:31 Treadmill Crane
42:01 Siege Engineers
47:15 Fletching
Connection lost

Rejoining the realm…

Still unreachable

The connection could not be restored.

Session expired

The server has moved on; the page needs a fresh start.